 Dungeon Crawl Stone Soup version 0.27-a0-1312-g5cdb2b3542 (webtiles) character file.

Game seed: 7837658325049409415

8191 dolemite99 the Spear-Bearer (level 11, 0/80 HPs)
             Began as a Minotaur Gladiator on June 20, 2021.
             Was a High Priest of Nemelex Xobeh.
             Slain by a killer bee (7 damage)
             ... on level 11 of the Dungeon.
             The game lasted 00:19:13 (18247 turns).

dolemite99 the Spear-Bearer (Minotaur Gladiator)   Turns: 18247, Time: 00:19:13

Health: 0/80       AC: 14    Str: 28    XL:     11   Next: 6%
Magic:  17/17      EV:  7    Int:  5    God:    Nemelex Xobeh [*****.]
Gold:   108        SH:  3    Dex: 12    Spells: 10/10 levels left

rFire    . . .     SeeInvis +   a - +2 trident (vorpal)
rCold    . . .     Faith    .   W - +0 buckler
rNeg     . . .     Spirit   .   j - +0 plate armour
rPois    +         Reflect  .   c - +0 hat
rElec    .         Harm     .   U - +0 cloak {rPois}
rCorr    .         Rampage  .   H - +0 pair of gloves
Will     .....                  F - +1 pair of boots
Stlth    ..........             (no amulet)
HPRegen  0.23/turn              G - +6 ring of strength
MPRegen  0.15/turn              I - ring of see invisible

@: no status effects
A: horns 2, retaliatory headbutt
a: Renounce Religion, Draw Escape, Draw Destruction, Draw Summoning, Triple
Draw, Deal Four, Stack Five


You were on level 11 of the Dungeon.
You worshipped Nemelex Xobeh.
Nemelex Xobeh was extremely pleased with you.
You visited 2 branches of the dungeon, and saw 12 of its levels.

You collected 624 gold pieces.
You spent 516 gold pieces at shops.

Inventory:

Hand Weapons
 a - a +2 vorpal trident (weapon)
 b - a +0 hunting sling of flaming
 g - the +4 glaive of the Unspeakable One {venom, Stlth+}
   (You acquired it on level 1 of the Dungeon)

   It poisons the flesh of those it strikes.
   It makes you more stealthy.
 h - a +0 spear of venom
Missiles
 d - 2 throwing nets
 e - 316 stones
 f - 24 poisoned darts (quivered)
 o - 55 bolts
 u - 7 datura-tipped darts
 v - 8 curare-tipped darts
 C - 131 arrows
 S - 14 sling bullets
Armour
 c - a +0 hat (worn)
 j - a +0 plate armour (worn)
 F - a +1 pair of boots (worn)
 H - a +0 pair of gloves (worn)
 L - a +0 kite shield
 M - the +2 ring mail "Urent" {*Slow Str+4}
   (You found it on level 7 of the Dungeon)

   It affects your strength (+4).
   It may slow you when you take damage.
 O - a +0 scale mail
 U - a +0 cloak of poison resistance (worn)
 W - a +0 buckler (worn)
Jewellery
 q - a +6 ring of strength
 t - a ring of wizardry
 z - a ring of positive energy
 G - a +6 ring of strength (left hand)
 I - a ring of see invisible (right hand)
Wands
 B - a wand of polymorph (13)
 D - a wand of iceblast (4)
 J - a wand of flame (61)
 V - a wand of digging (6)
 Y - a wand of paralysis (8)
Scrolls
 k - 7 scrolls of teleportation
 l - a scroll of identify {@r1}
 m - 2 scrolls of brand weapon
 n - 2 scrolls of magic mapping
 y - a scroll of immolation {unknown}
 A - a scroll of vulnerability {unknown}
 N - a scroll of torment {unknown}
 P - 3 scrolls of fog
 T - a scroll of fear
Potions
 i - 2 potions of might
 p - 2 potions of heal wounds
 r - 2 potions of mutation
 s - a potion of curing
 w - a potion of attraction {unknown}
 x - a potion of haste
 E - a potion of cancellation {unknown}
 Q - a potion of degeneration {unknown}
 R - a potion of lignification {unknown}
 X - 2 potions of flight {unknown}
 Z - a potion of brilliance {unknown}
Miscellaneous
 K - a condenser vane (inert)


   Skills:
 - Level 2.4 Fighting
 - Level 14.8 Polearms
 - Level 3.2(3.6) Slings
 - Level 2.0(2.8) Throwing
 - Level 0.1 Armour
 - Level 3.2 Dodging
 - Level 10.4 Invocations
 + Level 3.0 Evocations


You had 10 spell levels left.
You didn't know any spells.
Your spell library contained the following spells:

 Spells                   Type           Power      Damage    Failure   Level
 Animate Skeleton         Necr           0%         N/A       100%        1
 Corona                   Hex            0%         N/A       100%        1
 Freeze                   Ice            0%         1d3       100%        1
 Magic Dart               Conj           0%         1d3       100%        1
 Pain                     Necr           0%         1d4       100%        1
 Sting                    Tmut/Pois      0%         1d3       100%        1
 Summon Small Mammal      Summ           0%         N/A       100%        1
 Call Imp                 Summ           0%         N/A       100%        2
 Poisonous Vapours        Pois/Air       0%         N/A       100%        2
 Searing Ray              Conj           0%         3d3       100%        2
 Slow                     Hex            0%         N/A       100%        2
 Call Canine Familiar     Summ           0%         N/A       100%        3
 Dazzling Flash           Conj/Hex       0%         N/A       100%        3
 Frozen Ramparts          Ice            0%         1d2       100%        3
 Ignite Poison            Fire/Tmut/Pois 0%         N/A       100%        3
 Inner Flame              Hex/Fire       0%         N/A       100%        3
 Mephitic Cloud           Conj/Pois/Air  0%         N/A       100%        3
 Ozocubu's Armour         Ice            0%         N/A       100%        3
 Portal Projectile        Hex/Tloc       0%         N/A       100%        3
 Summon Guardian Golem    Hex/Summ       0%         N/A       100%        3
 Vampiric Draining        Necr           0%         2d6       100%        3
 Animate Dead             Necr           0%         N/A       100%        4
 Cause Fear               Hex            0%         N/A       100%        4
 Fulminant Prism          Conj/Hex       0%         3d6       100%        4
 Hailstorm                Conj/Ice       0%         3d3       100%        4
 Iskenderun's Mystic Bla  Conj/Tloc      0%         2d3       100%        4
 Leda's Liquefaction      Hex/Erth       0%         N/A       100%        4
 Olgreb's Toxic Radiance  Pois           0%         N/A       100%        4
 Summon Ice Beast         Ice/Summ       0%         N/A       100%        4
 Summon Lightning Spire   Summ/Air       0%         N/A       100%        4
 Agony                    Necr           0%         N/A       100%        5
 Metabolic Englaciation   Hex/Ice        0%         N/A       100%        5


Dungeon Overview and Level Annotations

Branches:
Dungeon (11/15)            Temple (1/1) D:6            Lair (0/6) D:10
    Orc (0/2) D:9

Altars:
Ashenzari
Cheibriados
Dithmenos
Elyvilon
Fedhas
Gozag
Hepliaklqana
Kikubaaqudgha
Makhleb
Nemelex Xobeh
Okawaru
Qazlal
Ru
Sif Muna
Trog
Uskayaw
Vehumet
Wu Jian
Xom
Yredelemnul
Zin
The Shining One

Shops:
D:1 [   D:7 ?((   D:10 (

Annotations:
D:3 Grinder


Innate Abilities, Weirdness & Mutations

You have a pair of horns on your head.
You reflexively headbutt those who attack you in melee.


Message History

The killer bee closely misses your ice beast.
Your ice beast completely misses the killer bee.
Your Evocations skill increases to level 3!
You hit the white ugly thing but do no damage.
The white ugly thing is moderately wounded.
The killer bee stings your ice beast. The killer bee stings you.
The white ugly thing barely misses you.
Your ice beast barely misses the killer bee.
You hit the white ugly thing.
Your headbutt misses the white ugly thing.
The white ugly thing is moderately wounded.
The killer bee barely misses your ice beast.
The killer bee closely misses you.
Your fire vortex hits the white ugly thing.
Your fire vortex burns the white ugly thing!
Your fire vortex dissipates!
The killer bee stings your ice beast but does no damage.
The white ugly thing punches you. The white ugly thing freezes you!!
The killer bee barely misses you.
You are too injured to fight recklessly!
You are too injured to fight recklessly!
You draw a card...
You have drawn the Elements.
The killer bee stings your ice beast!
Your ice beast dies!
The killer bee stings you but does no damage.
The white ugly thing punches you. The white ugly thing freezes you!!
* * * LOW HITPOINT WARNING * * *
The killer bee stings you but does no damage.
The killer bee stings you but does no damage.
Your ice beast hits the white ugly thing but does no damage.
Your raiju completely misses the white ugly thing.
You feel much better.
The killer bee stings your ice beast but does no damage.
The white ugly thing punches you.
* * * LOW HITPOINT WARNING * * *
The white ugly thing freezes you!
* * * LOW HITPOINT WARNING * * *
The killer bee stings your ice beast. The killer bee stings you!
You die...
Your body glows slightly and disappears.

......... ....... .....
...# #########..#
........°..######
.....v.Yy........ .
#####.u.........
..###########h@y########
................#
.....................
.....................
########..###########
#########..######
.................
.................
########..#######


You could see a white ugly thing (poisoned, ally target), 2 killer bees, a
friendly raiju (summoned), a friendly fire vortex (summoned) and a friendly ice
beast (summoned).

Vanquished Creatures
  Pikel (D:3)
  Maurice (D:8)
  A torpor snail (D:11)
  4 trolls
  3 yaks (D:9)
  2 vampire mosquitoes (D:10)
  4 water moccasins
  4 orc warriors
  2 black bears
  A necrophage (D:4)
  2 ice beasts
  6 ogres
  3 centaurs
  A phantom (D:5)
  3 kobold brigands (D:9)
  A gnoll sergeant (D:8)
  7 bullfrogs
  2 scorpions (D:5)
  6 killer bees
  8 wights
  A howler monkey (D:6)
  A bullfrog zombie (D:6)
  2 centaur zombies
  7 hounds
  A jelly (D:6)
  A centaur skeleton (D:7)
  2 orc priests
  2 gnoll shamans (D:6)
  A bullfrog skeleton (D:5)
  3 iguanas
  4 orc wizards
  A scorpion zombie (D:5)
  A hound skeleton (D:5)
  2 howler monkey zombies
  7 adders
  22 gnolls
  A white imp (D:6)
  An ufetubus (D:4)
  An adder skeleton (D:4)
  2 worms (D:2)
  A dart slug (D:2)
  46 orcs
  6 bats
  8 endoplasms
  3 giant cockroaches
  10 goblins
  7 hobgoblins
  8 jackals
  7 kobolds
  3 quokkas
  4 ball pythons
  3 frilled lizards
  2 rats (D:1)
233 creatures vanquished.

Vanquished Creatures (collateral kills)
  A two-headed ogre (D:9)
  An acid dragon (D:9)
  2 orc warriors (D:9)
  An ogre (D:9)
  A gnoll sergeant (D:9)
6 creatures vanquished.

Grand Total: 239 creatures vanquished

Notes
Turn   | Place    | Note
-------+----------+-------------------------------------------
     0 | D:1      | dolemite99 the Minotaur Gladiator began the quest for the
                  | Orb.
     0 | D:1      | Reached XP level 1. HP: 18/18 MP: 0/0
   113 | D:1      | Found a faded altar of an unknown god.
   135 | D:1      | Became a worshipper of Nemelex Xobeh the Trickster
   135 | D:1      | Reached * piety under Nemelex Xobeh
   144 | D:1      | Reached skill level 4 in Polearms
   153 | D:1      | Received a gift from Nemelex Xobeh
   246 | D:1      | Reached XP level 2. HP: 25/25 MP: 1/1
   362 | D:1      | Found Lobloyr's Armour Shoppe.
   415 | D:1      | Reached skill level 5 in Polearms
   785 | D:1      | Reached XP level 3. HP: 30/30 MP: 2/2
  1417 | D:2      | Reached ** piety under Nemelex Xobeh
  1650 | D:2      | Reached XP level 4. HP: 37/37 MP: 3/3
  1661 | D:2      | Reached skill level 6 in Polearms
  1833 | D:2      | Received a gift from Nemelex Xobeh
  2234 | D:3      | Reached skill level 7 in Polearms
  2234 | D:3      | Reached XP level 5. HP: 14/42 MP: 4/4
  3140 | D:3      | Noticed Grinder
  3141 | D:3      | Paralysed by Grinder for 7 turns
  3148 | D:3      | Noticed Grinder
  3148 | D:3      | Grinder changed into Grinder the iron imp
  3748 | D:4      | Noticed a necrophage
  3764 | D:4      | Killed a necrophage
  3765 | D:4      | Reached skill level 8 in Polearms
  3765 | D:4      | Reached XP level 6. HP: 28/50 MP: 5/5
  4031 | D:4      | Reached skill level 9 in Polearms
  4277 | D:4      | Noticed Pikel
  4297 | D:3      | Killed Pikel
  4298 | D:3      | Reached skill level 11 in Polearms
  4298 | D:3      | Reached XP level 7. HP: 35/56 MP: 6/6
  4847 | D:5      | Entered Level 5 of the Dungeon
  4877 | D:5      | Reached skill level 1 in Invocations
  5072 | D:5      | Reached XP level 8. HP: 50/62 MP: 8/8
  5812 | D:5      | HP: 3/62 [iguana (3)]
  6462 | D:5      | Found a shadowy altar of Dithmenos.
  6638 | D:6      | Reached skill level 5 in Invocations
  7725 | D:6      | Reached *** piety under Nemelex Xobeh
  8851 | D:6      | Reached XP level 9. HP: 50/68 MP: 12/12
  8977 | D:6      | Reached skill level 12 in Polearms
  9359 | D:6      | Found a staircase to the Ecumenical Temple.
  9399 | D:6      | Found a white marble altar of Elyvilon.
  9449 | Temple   | Entered the Ecumenical Temple
 10078 | D:7      | Identified the +2 ring mail "Urent" {*Slow Str+4}
 10244 | D:7      | Found Popriare's Antique Weapon Boutique.
 10829 | D:7      | Received a gift from Nemelex Xobeh
 10971 | D:7      | Found an iron altar of Okawaru.
 10989 | D:7      | Noticed a troll
 10998 | D:7      | Killed a troll
 11173 | D:7      | Found Deongoul's Magic Scroll Shoppe.
 11183 | D:7      | Bought a scroll of teleportation for 48 gold pieces
 11183 | D:7      | Bought a scroll of identify for 32 gold pieces
 11183 | D:7      | Bought a scroll of fear for 56 gold pieces
 11183 | D:7      | Bought a scroll of teleportation for 48 gold pieces
 11183 | D:7      | Bought a scroll of fear for 56 gold pieces
 11183 | D:7      | Bought a scroll of fog for 32 gold pieces
 11183 | D:7      | Bought a scroll of noise for 16 gold pieces
 11207 | D:7      | Found Jyroiho's Antique Weapon Emporium.
 11478 | D:7      | Reached skill level 13 in Polearms
 11542 | D:8      | Noticed Maurice
 11792 | D:8      | Killed Maurice
 13052 | D:8      | Reached XP level 10. HP: 66/74 MP: 15/15
 13225 | D:8      | Paralysed by a wight for 3 turns
 13694 | D:8      | Reached **** piety under Nemelex Xobeh
 14213 | D:8      | Received a gift from Nemelex Xobeh
 14252 | D:9      | Noticed a two-headed ogre
 14257 | D:9      | Killed a two-headed ogre
 14258 | D:9      | Reached skill level 14 in Polearms
 14716 | D:9      | Found a basalt altar of Yredelemnul.
 14740 | D:9      | Found a staircase to the Orcish Mines.
 14749 | D:9      | Noticed a rust devil
 14774 | D:9      | Identified the +0 quarterstaff of Demmon {freeze, +Blink
                  | rN++ Dex+3 Stlth-}
 15274 | D:9      | Reached skill level 10 in Invocations
 15869 | D:9      | Received a gift from Nemelex Xobeh
 16211 | D:10     | Entered Level 10 of the Dungeon
 16348 | D:1      | Bought a +0 pair of boots for 49 gold pieces
 16348 | D:1      | Bought a +0 pair of gloves for 49 gold pieces
 16387 | D:1      | Identified a scroll of acquirement
 16390 | D:1      | Acquired the +4 glaive of the Unspeakable One {venom,
                  | Stlth+}
 16561 | D:7      | Bought a glowing hunting sling for 130 gold pieces
 16719 | D:10     | Found a shimmering altar of Xom.
 17358 | D:10     | Found Xudd's Weapon Shop.
 17533 | D:10     | Found a staircase to the Lair.
 17785 | D:10     | Reached skill level 1 in Evocations
 17839 | D:10     | Received a gift from Nemelex Xobeh
 18047 | D:11     | Noticed Erica
 18051 | D:11     | Noticed Erica
 18051 | D:11     | Erica changed into Erica the torpor snail
 18052 | D:11     | Killed Erica the torpor snail
 18053 | D:11     | Reached XP level 11. HP: 80/80 MP: 17/17
 18200 | D:11     | Reached ***** piety under Nemelex Xobeh
 18225 | D:11     | Noticed a white ugly thing
 18247 | D:11     | Slain by a killer bee

Illustrated notes

Levels and vault maps discovered:
D:1:      sevenhm_arrival_forest_fort_large_4, layout_basic, serial_shops,
          nicolae_square_shop, chequers_ecumenical_altar_simple_redux,
          serial_bayou_pond_b, minmay_pentomino_u4
D:2:      layout_basic, kennysheep_generic_room_2
D:3:      layout_loops_ring, serial_park_tiny_pond, kennysheep_nondescript,
          uniq_grinder
D:4:      layout_basic, uniq_pikel
D:5:      layout_gridville, nicolae_overflow_crystal_walls, kennysheep_nub,
          grunt_ministairs_10
D:6:      layout_cave_pools, elyvilon_altar_3, minmay_temple_entry_nine_rooms,
          grunt_ministairs_1, fountainhead, kennysheep_generic_room_15
D:7:      layout_loops_corners, general_overflow_altar, serial_shops,
          nicolae_shop_trees, nicolae_shop_statue_plus, kennysheep_mini_moat,
          grunt_ministairs_14
D:8:      layout_rooms, special_room [special_room_orc],
          kennysheep_generic_room_4, uniq_maurice
D:9:      layout_long_grid, kennysheep_orc_monster_closet_entryway,
          minmay_misc_feat_nine_boxes, minmay_misc_feat_iff,
          minmay_statues_item, kennysheep_flooded_box
D:10:     layout_long_grid, lemuel_tele_altar, lair_entry_dummy, serial_shops,
          kennysheep_mini
D:11:     layout_long_grid, gammafunk_ghost_nasty_kobolds, cheibriados_altar_1,
          uniq_erolcha, uniq_erica
Temple:   eino_narrow_crystal_temple

Skill      XL: |  1  2  3  4  5  6  7  8  9 10 11 |
---------------+----------------------------------+-----
Polearms       | 4 5 7 8 11 13 14 | 14.8
Invocations    | 2 6 8 10 | 10.4
Slings         | 3 |  3.2
Evocations     | 2 3 |  3.0
Fighting       | |  2.4
Throwing       | |  2.0
Armour         | |  0.1
Dodging        | |  3.2

Action                   |  1- 3 |  4- 6 |  7- 9 | 10-12 || total
-------------------------+-------+-------+-------+-------++-------
Melee: Trident           |    74 |    98 |   209 |   166 ||   547
       Headbutt          |     9 |    15 |    57 |    35 ||   116
       Spear             |       |       |   120 |    46 ||   166
       Dagger            |       |       |     2 |       ||     2
 Fire: Hunting sling     |       |       |       |    32 ||    32
Throw: Dart              |       |       |    50 |    88 ||   138
       Stone             |       |       |       |    11 ||    11
       Throwing net      |       |       |       |     3 ||     3
Invok: Draw Destruction  |       |     7 |     7 |     3 ||    17
       Draw Escape       |       |       |     5 |       ||     5
       Draw Summoning    |       |       |     1 |     9 ||    10
Evoke: Wand              |       |       |     4 |     1 ||     5
       Condenser vane    |       |       |       |     1 ||     1
  Use: Potion            |       |       |     1 |     1 ||     2
       Scroll            |       |       |     7 |     6 ||    13
Armor: Leather armour    |     4 |       |       |       ||     4
       Ring mail         |     9 |    51 |    46 |       ||   106
       Scale mail        |       |       |    22 |     9 ||    31
       Plate armour      |       |       |       |    46 ||    46
Dodge: Dodged            |    37 |    65 |   147 |    69 ||   318
Block: Kite shield       |       |       |    18 |       ||    18
       Buckler           |       |       |       |    17 ||    17

Table legend: (Time is in decaauts)
 A = Elapsed time spent in this place.
 B = Non-inter-level travel time spent in this place.
 C = Inter-level travel time spent in this place.
 D = Time resting spent in this place.
 E = Time spent auto-exploring this place.
 F = Levels seen in this place.
 G = Mean time per level.
                   A        B        C        D        E       F      G
               +--------+--------+--------+--------+--------+-----+--------+
         Total |  18080 |  17137 |    943 |   7356 |   7302 |  12 | 1506.7 |
       Dungeon |  17890 |  16962 |    928 |   7356 |   7127 |  11 | 1626.4 |
        Temple |    189 |    175 |     14 |      0 |    175 |   1 |  189.0 |
               +--------+--------+--------+--------+--------+-----+--------+

Top non-repeatable levels by time:
     D:7: 2860 daAuts
     D:5: 2709 daAuts
     D:6: 2326 daAuts
     D:8: 1824 daAuts
     D:2: 1639 daAuts
     D:9: 1566 daAuts
    D:10: 1365 daAuts
     D:3: 1315 daAuts
     D:4: 1129 daAuts
     D:1: 961 daAuts
    D:11: 192 daAuts
  Temple: 189 daAuts
